 Dungeon Crawl Stone Soup version 0.23.0 (webtiles) character file.

Game seed: 2234501970191696516

7 tidbits the Charmwright (level 2, 18/26 HPs)
             Began as a Gnoll Skald on Feb 14, 2019.
             Quit the game on level 1 of the Dungeon.
             The game lasted 00:01:03 (109 turns).

tidbits the Charmwright (Gnoll Skald)                Turns: 109, Time: 00:01:04

Health: 18/26      AC:  3    Str: 13    XL:     2   Next: 4%
Magic:  4/7        EV: 14    Int: 15    God:
Gold:   0          SH:  0    Dex: 14    Spells: 5/10 levels left

rFire    . . .     SeeInvis .   a - +0 spear
rCold    . . .     Gourm    .   (no shield)
rNeg     . . .     Faith    .   b - +0 leather armour
rPois    .         Spirit   .   (no helmet)
rElec    .         Reflect  .   (no cloak)
rCorr    .         Harm     .   (no gloves)
MR       .....                  (no boots)
Stlth    +.........             (no amulet)
HPRegen  0.08/turn              (no ring)
MPRegen  0.10/turn              (no ring)

@: no status effects
A: distributed training, fangs 1, strong nose
a: no special abilities


You were on level 1 of the Dungeon.
You were not hungry.

You visited 1 branch of the dungeon, and saw 1 of its levels.

Inventory:

Hand Weapons
 a - a +0 spear (weapon)
Armour
 b - a +0 leather armour (worn)
Comestibles
 d - a ration


   Skills:
 + Level 4.4 Fighting
 + Level 0.2 Short Blades
 + Level 0.2 Long Blades
 + Level 0.2 Axes
 + Level 0.2 Maces & Flails
 + Level 4.4 Polearms
 + Level 0.2 Staves
 + Level 0.2 Slings
 + Level 0.2 Bows
 + Level 0.2 Crossbows
 + Level 0.2 Throwing
 + Level 2.4 Armour
 + Level 4.4 Dodging
 + Level 0.2 Stealth
 + Level 0.2 Shields
 + Level 0.2 Unarmed Combat
 + Level 4.9 Spellcasting
 + Level 0.1 Conjurations
 + Level 0.1 Hexes
 + Level 5.3 Charms
 + Level 0.1 Summonings
 + Level 0.1 Necromancy
 + Level 0.1 Translocations
 + Level 0.1 Transmutations
 + Level 0.1 Fire Magic
 + Level 0.1 Ice Magic
 + Level 0.1 Air Magic
 + Level 0.1 Earth Magic
 + Level 0.1 Poison Magic
 + Level 0.3 Invocations
 + Level 0.2 Evocations


You had 5 spell levels left.
You knew the following spells:

 Your Spells              Type           Power        Failure   Level  Hunger
g - Shroud of Golubria    Chrm/Tloc      ##........   11%         2    ##.....
i - Infusion              Chrm           ###.         2%          1    None
y - Song of Slaying       Chrm           ###.....     3%          2    ##.....

Your spell library contained the following spells:

 Spells                   Type           Power        Failure   Level  Hunger
 Regeneration             Chrm/Necr      ##........   21%         3    ###....
 Spectral Weapon          Hex/Chrm       ##......     21%         3    ###....


Dungeon Overview and Level Annotations

Branches:
Dungeon (1/15)

Altars:


Innate Abilities, Weirdness & Mutations

Your experience applies equally to all skills.
You have very sharp teeth.
Your uncanny sense of smell can sniff out nearby items.


Message History

You open the door.
Unknown command.
There is an open door here.
Unknown command.
Casting: Infusion (safe; 2% risk of failure)
Confirm with . or Enter, or press ? or * to list all spells.
You begin infusing your attacks with magical energy.
Attack whom?
Press: ? - help, Dir - move target cursor, f - rat
Aim: a rat You reach to attack!
You closely miss the rat. You hit the rat!
You kill the rat!
You open the large door.
Found 14 stones.
There is a large open door here.
Unknown command.
Unknown command.
A bat comes into view.
You enter the shallow water.
Moving in this stuff is going to be slow.
Unknown command.
Attack whom?
Press: ? - help, Dir - move target cursor, f - bat
Aim: a bat (water)
You reach to attack!
Your unstable footing causes you to fumble your attack.
The bat barely misses you.
You hit the bat. You bite the bat.
You kill the bat!
You enter the shallow water.
Moving in this stuff is going to be slow.
Why would you want to do that?
Unknown command.
Your magical infusion is running out.
Unknown command.
A dart slug comes into view.
You are no longer magically infusing your attacks.
You open the door.
A hobgoblin comes into view. It is wielding a +0 club.
A bat comes into view.
The hobgoblin shouts!
There is an open door here.
Casting: Infusion (safe; 2% risk of failure)
Confirm with . or Enter, or press ? or * to list all spells.
You begin infusing your attacks with magical energy.
The hobgoblin hits you with a +0 club.
Unknown command.
You barely miss the bat. The bat hits you but does no damage.
You barely miss the bat. The bat hits you but does no damage.
The hobgoblin hits you with a +0 club.
You closely miss the bat. The bat closely misses you.
The hobgoblin hits you with a +0 club.
You hit the hobgoblin.
The hobgoblin is heavily wounded.
The bat hits you but does no damage. The hobgoblin hits you with a +0 club.
You hit the hobgoblin.
The hobgoblin is almost dead.
The bat completely misses you.
The hobgoblin hits you but does no damage.
You hit the hobgoblin.
You kill the hobgoblin!
The bat misses you. The bat hits you but does no damage.
You hit the dart slug.
You bite the dart slug, but do no damage.
The dart slug is heavily wounded.
The bat hits you but does no damage. The dart slug closely misses you.
You hit the dart slug!
You kill the dart slug!
The bat barely misses you.
You hit the bat. Your bite misses the bat.
The bat is severely wounded.
The bat closely misses you.
Things that are here:
a +0 club; a hobgoblin corpse You closely miss the bat.
The bat is severely wounded.
The bat barely misses you.
Attack whom?
Press: ? - help, Dir - move target cursor, f - bat
Aim: a bat (severely wounded)
You reach to attack!
You hit the bat.
You kill the bat!
You have reached level 2!
Memorise Song of Slaying, consuming 2 spell levels and leaving 7?
You start memorising the spell.
You continue memorising. x2
You finish memorising.
Spell assigned to 'y'.
Memorise Shroud of Golubria, consuming 2 spell levels and leaving 5?
You start memorising the spell.
You continue memorising. x2
You finish memorising.
Spell assigned to 'g'.
Your magical infusion is running out.
Unknown command.
You are no longer magically infusing your attacks.
Unknown command.
Found 16 gold pieces.
You open the door.
Unknown command.
There is an open door here.
Unknown command.
Are you sure you want to abandon this character and quit the game? (Confirm with "yes".)

+#.............#
......
...............$#
......
.......#........#
.....
.......#........#
....
.......#.########
### .......#..#
#########'#
.........#......#
.......@.#......#
.♣####♣..#......#
#..#.......
#..##...... #..#
###### #..# ♣..#
...#


There were no monsters in sight!

Vanquished Creatures
  A dart slug (D:1)
  2 bats (D:1)
  A hobgoblin (D:1)
  A rat (D:1)
5 creatures vanquished.

Notes
Turn   | Place    | Note
-------+----------+-------------------------------------------
     0 | D:1      | tidbits the Gnoll Skald began the quest for the Orb.
     0 | D:1      | Reached XP level 1. HP: 20/20 MP: 6/6
    71 | D:1      | Reached XP level 2. HP: 15/26 MP: 0/7
    75 | D:1      | Learned a level 2 spell: Song of Slaying
    78 | D:1      | Learned a level 2 spell: Shroud of Golubria
   109 | D:1      | Quit the game

Action                   || total
-------------------------++-------
Melee: Spear             ||    15
       Bite              ||     2
 Cast: Infusion          ||     2
Armor: Leather armour    ||     6
Dodge: Dodged            ||     8

Table legend:
 A = Turns spent in this place as a percentage of turns spent in the entire game.
 B = Non-inter-level travel turns spent in this place as a percentage of non-inter-level travel turns spent in the entire game.
 C = Inter-level travel turns spent in this place as a percentage of turns spent in this place.
 D = Turns resting spent in this place as a percentage of non-inter-level travel turns spent in this place.
 E = Turns spent auto-exploring this place as a percentage of non-inter-level travel turns spent in this place.
 F = Non-inter-level travel turns spent in this place divided by the number of levels of this place that you've seen.
                   A       B       C       D       E      F
               +-------+-------+-------+-------+-------+----------------------
         Total | 100.0 | 100.0 |   0.0 |   0.0 |   0.0 | 109.0
       Dungeon | 100.0 | 100.0 |   0.0 |   0.0 |   0.0 | 109.0
               +-------+-------+-------+-------+-------+----------------------

Table legend:
 A = Kills in this place as a percentage of kills in entire the game.
 B = Kills by you in this place as a percentage of kills by you in the entire game.
 C = Kills by friends in this place as a percentage of kills by friends in the entire game.
 D = Other kills in this place as a percentage of other kills in the entire game.
 E = Experience gained in this place as a percentage of experience gained in the entire game.
 F = Experience gained in this place divided by the number of levels of this place that you have seen.
                   A       B       C       D       E      F
               +-------+-------+-------+-------+-------+----------------------
         Total | 100.0 | 100.0 |   N/A |   N/A | 100.0 |  11.0
       Dungeon | 100.0 | 100.0 |   N/A |   N/A | 100.0 |  11.0
               +-------+-------+-------+-------+-------+----------------------

Levels and vault maps discovered:
D:1:      sevenhm_arrival_forest_fort_large_1, layout_basic,
          minmay_stone_trees_medium, kennysheep_pointless_box
